AoeStats
← Fives

Black Forest

510924647Analyzed
4v4 RM · 7h ago on Oct 3, 2026· 41m 59s· 8 players
Game mode
Random Map
Map size
Large (8 player)
Population
200
Speed
Normal
Resources
Standard
Victory
Conquest
Starting age
Dark Age
Ending age
Imperial Age
RankedLock teamsTeams togetherTeam positionsShared explorationLock speedFull tech treeHidden civsTurbo modeCheats
Victory
Defeat
🇦🇺 Italians · Australia
839
+14
🇨🇳 Britons · China
762
+17
🇺🇸 Franks · United States
750
+18
🇦🇺 Bohemians · Australia
742
+18
🇺🇸 Danes · United States
836
-19
🇴🇲 Saracens · Oman
799
-17
🇺🇸 Turks · United States
796
-17
🇨🇳 Persians · China
731
-14
Nick_The_Great16
3:48 Loom
13:03 Feudal Age
18:32 Wheelbarrow
17:42 Horse Collar
17:54 Double-Bit Axe
21:02 Castle Age
19:08 Gold Mining
24:06 Gold Shaft Mining
28:49 Caravan
29:07 Heavy Plow
29:56 Bow Saw
30:32 Stone Mining
32:03 Forging
31:53 Scale Mail Armor
33:23 Gambesons
33:38 Squires
33:24 Arson
34:52 Hand Cart
39:05 Imperial Age
37:53 Hamask
40:47 Conscription
40:18 Elite Jomsviking
40:21 Northmen's Fury
山海
11:53 Feudal Age
10:58 Loom
13:12 Double-Bit Axe
13:10 Horse Collar
14:38 Gold Mining
18:51 Castle Age
18:20 Wheelbarrow
19:05 Forging
19:50 Bow Saw
19:35 Stone Mining
20:55 Heavy Plow
22:06 Gold Shaft Mining
22:10 Stone Shaft Mining
25:12 Hand Cart
26:01 Scale Barding Armor
27:36 Padded Archer Armor
28:56 Ballistics
31:31 Imperial Age
29:37 Caravan
29:51 Masonry
33:28 Chemistry
33:30 Two-Man Saw
33:02 Crop Rotation
33:41 Iron Casting
33:28 Chain Barding Armor
33:24 Leather Archer Armor
33:00 Fletching
34:51 Elite War Elephant
38:30 Parthian Tactics
38:55 Thumb Ring
39:31 Plate Barding Armor
39:57 Blast Furnace
39:28 Ring Archer Armor
38:54 Bodkin Arrow
39:49 Kamandaran
40:25 Bodkin Arrow
41:47 Heavy Cavalry Archer
MousePuddles
0:31 Loom
16:01 Feudal Age
18:50 Fishing Lines
19:09 Horse Collar
22:33 Castle Age
23:23 Caravan
29:38 Gold Mining
33:35 Imperial Age
36:02 Double-Bit Axe
Naruto
1:14 Loom
13:07 Feudal Age
14:08 Double-Bit Axe
14:09 Horse Collar
17:01 Castle Age
18:45 Wheelbarrow
18:23 Bow Saw
18:18 Heavy Plow
26:54 Gold Mining
26:58 Stone Mining
30:54 Imperial Age
28:47 Hand Cart
29:40 Gold Shaft Mining
29:39 Fletching
29:56 Scale Barding Armor
30:35 Forging
30:22 Bodkin Arrow
31:41 Chain Barding Armor
32:08 Ballistics
32:48 Chemistry
32:04 Masonry
32:01 Siege Engineers
32:50 Conscription
32:26 Onager
33:50 Siege Onager
34:24 Elite Mameluke
35:53 Siege Onager
41:28 Light Cavalry
42:18 Bloodlines
seven^^
11:17 Feudal Age
17:10 Castle Age
16:28 Double-Bit Axe
22:35 Horse Collar
29:11 Heavy Plow
29:52 Wheelbarrow
29:55 Caravan
31:32 Hand Cart
32:17 Bow Saw
34:58 Imperial Age
33:28 Ballistics
33:10 Padded Archer Armor
33:01 Fletching
34:34 Yeomen
34:18 Gold Mining
35:38 Leather Archer Armor
35:18 Bodkin Arrow
36:32 Capped Ram
36:58 Elite Longbowman
38:46 Two-Man Saw
39:06 Bracer
39:36 Ring Archer Armor
40:11 Chemistry
39:17 Siege Engineers
Fives
12:23 Feudal Age
13:43 Double-Bit Axe
17:32 Fletching
17:42 Padded Archer Armor
20:29 Castle Age
22:33 Fletching
22:43 Padded Archer Armor
27:28 Wheelbarrow
26:41 Loom
32:23 Bodkin Arrow
32:55 Caravan
33:06 Caravan
34:43 Silk Road
34:47 Thumb Ring
38:51 Leather Archer Armor
41:22 Imperial Age
eleven
10:25 Feudal Age
11:55 Wheelbarrow
11:13 Double-Bit Axe
18:29 Castle Age
17:33 Stone Mining
17:33 Gold Mining
18:00 Forging
19:25 Hand Cart
21:36 Gold Shaft Mining
26:04 Bow Saw
27:39 Scale Barding Armor
30:00 Ballistics
29:54 Masonry
29:56 Fortified Wall
33:40 Imperial Age
32:04 Iron Casting
32:10 Coinage
34:13 Husbandry
33:34 Light Cavalry
33:38 Crossbowman
34:58 Chivalry
35:20 Conscription
34:31 Cavalier
34:41 Pikeman
35:22 Squires
35:08 Arson
36:00 Chain Barding Armor
36:41 Blast Furnace
35:42 Scale Mail Armor
35:43 Padded Archer Armor
35:34 Fletching
37:02 Chemistry
36:33 Architecture
35:45 Treadmill Crane
36:09 Caravan
36:39 Banking
36:20 Padded Archer Armor
36:11 Fletching
36:27 Scale Mail Armor
35:51 Paladin
36:56 Town Watch
36:57 Loom
38:50 Plate Barding Armor
38:17 Bodkin Arrow
Rex
7:51 Loom
11:52 Feudal Age
16:22 Castle Age
14:26 Double-Bit Axe
15:02 Horse Collar
15:40 Fishing Lines
20:27 Gillnets
25:10 Heavy Plow
28:10 Imperial Age
27:37 Chemistry
26:58 Ballistics
27:29 Bow Saw
28:35 Wheelbarrow
30:47 Houfnice
32:33 Wagenburg Tactics
32:42 Siege Engineers
33:51 Conscription
35:13 Elite Hussite Wagon
40:24 Hussite Reforms
Connection lost

Rejoining the realm…

Still unreachable

The connection could not be restored.

Session expired

The server has moved on; the page needs a fresh start.